AoeStats
← yildiom

MegaRandom

508292342Analyzed
3v3 RM · 11d ago on Sep 21, 2026· 75m 17s· 6 players
Game mode
Random Map
Map size
Normal (6 player)
Population
200
Speed
Normal
Resources
Standard
Victory
Conquest
Starting age
Dark Age
Ending age
Imperial Age
RankedLock teamsTeams togetherTeam positionsShared explorationLock speedFull tech treeHidden civsTurbo modeCheats
Victory
Defeat
🇨🇱 Vikings · Chile
1132
+17
🇩🇪 Persians · Germany
1123
+17
🇫🇷 Poles · France
1079
+19
🇧🇪 Mongols · Belgium
1285
-22
🇧🇪 Huns · Belgium
1255
-22
🇧🇪 Cumans · Belgium
919
-26
Busy Dingo
11:30 Feudal Age
16:41 Castle Age
14:35 Double-Bit Axe
14:33 Horse Collar
18:34 Wheelbarrow
19:04 Bow Saw
26:15 Fletching
26:13 Loom
28:25 Heavy Plow
32:30 Gold Mining
37:18 Bloodlines
37:08 Husbandry
38:31 Hand Cart
42:00 Scale Barding Armor
41:52 Bodkin Arrow
42:10 Forging
45:42 Imperial Age
45:23 Chain Barding Armor
45:38 Iron Casting
49:04 Conscription
48:05 Elite War Elephant
50:03 Heavy Camel Rider
59:39 Plate Barding Armor
62:09 Caravan
69:42 Light Cavalry
71:54 Guilds
71:59 Hussar
74:01 Iron Casting
Camilo M87
2:48 Loom
10:51 Feudal Age
11:30 Double-Bit Axe
12:21 Gold Mining
13:09 Horse Collar
22:28 Castle Age
20:49 Fletching
23:06 Scale Mail Armor
23:06 Bodkin Arrow
23:44 Pikeman
25:41 Crossbowman
26:55 Forging
26:48 Town Watch
30:52 Iron Casting
36:47 Elite Skirmisher
39:38 Bow Saw
46:30 Imperial Age
44:37 Padded Archer Armor
44:31 Heated Shot
45:01 Ballistics
44:53 Fortified Wall
45:34 Chain Mail Armor
47:18 Chieftains
48:16 Plate Mail Armor
47:32 Capped Ram
49:10 Bogsveigar
50:15 Arbalester
51:48 Siege Ram
54:09 Elite Berserk
58:40 Conscription
63:54 Heavy Scorpion
65:06 Onager
68:58 Caravan
Beuhfa
11:52 Feudal Age
10:25 Loom
19:03 Castle Age
18:09 Horse Collar
18:16 Double-Bit Axe
27:43 Bloodlines
28:43 Husbandry
30:41 Szlachta Privileges
31:27 Fervor
31:26 Heavy Plow
31:40 Bow Saw
32:36 Scale Barding Armor
33:57 Wheelbarrow
33:10 Town Watch
33:38 Forging
33:57 Gold Mining
35:14 Chain Barding Armor
35:30 Iron Casting
39:35 Imperial Age
37:10 Stone Mining
39:08 Fletching
40:13 Hand Cart
39:31 Light Cavalry
41:20 Blast Furnace
39:44 Cavalier
41:30 Crop Rotation
40:43 Winged Hussar
42:25 Town Patrol
43:52 Bodkin Arrow
44:21 Ballistics
45:54 Conscription
45:56 Lechitic Legacy
46:30 Hoardings
45:58 Murder Holes
46:13 Masonry
47:33 Bracer
49:16 Elite Skirmisher
53:42 Padded Archer Armor
58:01 Leather Archer Armor
60:42 Chemistry
70:20 Squires
72:38 Stone Shaft Mining
72:54 Siege Engineers
72:36 Treadmill Crane
74:21 Caravan
Myll_Barka
3:27 Loom
10:19 Feudal Age
10:53 Double-Bit Axe
12:46 Wheelbarrow
18:11 Castle Age
17:26 Bloodlines
17:36 Horse Collar
18:05 Scale Barding Armor
19:32 Bow Saw
23:57 Chain Barding Armor
24:47 Husbandry
26:42 Forging
29:50 Iron Casting
34:21 Light Cavalry
34:54 Gold Mining
34:55 Stone Mining
38:10 Imperial Age
38:08 Fletching
38:19 Padded Archer Armor
39:11 Ballistics
38:22 Hussar
40:05 Blast Furnace
39:54 Bodkin Arrow
41:29 Gold Shaft Mining
41:30 Stone Shaft Mining
41:12 Hand Cart
41:17 Leather Archer Armor
41:20 Heavy Camel Rider
42:21 Town Watch
42:41 Bracer
43:07 Heavy Plow
44:22 Scale Mail Armor
46:31 Chemistry
46:24 Town Patrol
48:06 Chain Mail Armor
48:27 Elite Mangudai
59:17 Siege Engineers
61:06 Heavy Scorpion
63:29 Plate Mail Armor
65:31 Drill
yildiom
12:38 Feudal Age
14:00 Wheelbarrow
17:47 Double-Bit Axe
17:53 Horse Collar
22:48 Bloodlines
35:16 Scale Barding Armor
35:22 Forging
40:13 Castle Age
47:23 Imperial Age
48:28 Imperial Age
Pillage The Village
7:26 Loom
9:32 Feudal Age
10:48 Double-Bit Axe
13:04 Forging
21:23 Castle Age
20:00 Fletching
20:01 Gold Mining
19:55 Horse Collar
21:17 Bloodlines
22:25 Bodkin Arrow
22:43 Bow Saw
23:26 Husbandry
27:40 Padded Archer Armor
30:34 Ballistics
32:40 Heavy Plow
34:28 Stone Mining
41:24 Imperial Age
41:47 Thumb Ring
42:33 Parthian Tactics
42:13 Bracer
43:25 Chemistry
43:41 Leather Archer Armor
43:50 Heavy Cavalry Archer
47:40 Wheelbarrow
50:23 Iron Casting
49:53 Scale Barding Armor
53:19 Atheism
53:29 Conscription
54:30 Elite Tarkan
57:07 Blast Furnace
56:27 Chain Barding Armor
61:08 Plate Barding Armor
59:56 Cavalier
63:31 Guilds
63:51 Coinage
63:22 Caravan
63:33 Marauders
65:48 Paladin
67:01 Murder Holes
72:50 Two-Man Saw
Connection lost

Rejoining the realm…

Still unreachable

The connection could not be restored.

Session expired

The server has moved on; the page needs a fresh start.